[Event "Titled Tuesday Blitz August 1 Late 2023"]
[White "AndresDelgado77"]
[Black "Altman, Joshua"]
[BlackFideId "426210"]
[WhiteElo "2367"]
[BlackElo "2520"]
[Result "1-0"]
[Round "4"]
[TimeControl "180+1"]
[Date "2023.08.01"]
[WhiteClock "0:00:14"]
[BlackClock "0:00:18"]
[Board "107"]

1. e4 Nc6 2. Nf3 d5 3. Nc3 d4 4. Ne2 e5 5. Ng3 g6 6. Bc4 Bg7 7. d3 Nge7 8. h4 h6 9. a3 Bg4 10. b4 Qd7 11. Bb2 a6 12. Qe2 O-O-O 13. Bxf7 Rhf8 14. Bc4 Rf4 15. Bc1 Rf6 16. Nf1 Rdf8 17. N1h2 Bxf3 18. Nxf3 Qg4 19. Kf1 Kb8 20. Bd2 Nd8 21. Be1 Nec6 22. Nxd4 Qd7 23. Nb3 Ne6 24. Bxe6 Qxe6 25. Nc5 Qe7 26. c3 g5 27. Qg4 Ka7 28. Qd7 Rf4 29. Qxe7 Nxe7 30. Ne6 R8f6 31. Nxg7 Rg6 32. Nh5 Rf8 33. g4 gxh4 34. Rxh4 Rg5 35. Kg2 Ng6 36. f3 Nxh4+ 37. Bxh4 Rg6 38. Bg3 Rc6 39. Rc1 Re8 40. Ng7 Re7 41. Nf5 Rd7 42. d4 exd4 43. Nxd4 Rxd4 44. cxd4 Rxc1 45. f4 Rc3 46. g5 hxg5 47. fxg5 Rc6 48. Be5 Rg6 49. Bf6 Kb8 50. Kf3 Kc8 51. Kg4 Kd7 52. Kf5 Rg8 53. e5 b6 54. d5 a5 55. e6+ Ke8 56. b5 a4 57. g6 Rf8 58. Ke5 Rg8 59. g7 c6 60. bxc6 Rxg7 61. Bxg7 Kd8 62. Bf6+ Kc7 63. d6+ Kxc6 64. d7 b5 65. d8=Q b4 66. Qc8+ Kb5 67. Qb8+ Kc4 68. Qxb4+ Kd3 69. Qxa4 Ke2 70. Qb4 Kf1 71. a4 Kg2 72. a5 Kf1 73. a6 Ke2 74. a7 Kd3 75. a8=Q Kc2 76. Qaa3 Kd1 77. Qbb2 Ke1 78. Qaa1# 1-0


[Site "https://www.chess.com"]

[Event "Titled Tuesday Blitz August 1 Late 2023"]
[White "Rodriguez Santiago, Jaime"]
[Black "Ortega Amarelle, Mariano"]
[WhiteFideId "3100898"]
[BlackFideId "3504301"]
[WhiteElo "2367"]
[BlackElo "2518"]
[Result "0-1"]
[Round "4"]
[TimeControl "180+1"]
[Date "2023.08.01"]
[WhiteClock "0:00:00"]
[BlackClock "0:00:29"]
[Board "108"]

1. d4 f5 2. c4 e6 3. g3 d5 4. Bg2 Nf6 5. Nc3 c6 6. e3 Bd6 7. Nf3 O-O 8. O-O Bd7 9. b3 Be8 10. Qc2 Qe7 11. a3 Bh5 12. Nd2 Nbd7 13. f3 e5 14. Bb2 Bg6 15. Rae1 f4 16. e4 exd4 17. Ne2 dxe4 18. fxe4 fxg3 19. hxg3 c5 20. Nf4 Ng4 21. Qd3 Nde5 22. Qe2 Ne3 23. Rf2 Qg5 24. Ne6 Qxg3 25. Nxf8 Rxf8 26. Nf1 Qxf2+ 27. Qxf2 Rxf2 28. Kxf2 Nd3+ 29. Ke2 Nf4+ 30. Kf2 Nexg2 31. e5 Be7 0-1


[Site "https://www.chess.com"]

[Event "Titled Tuesday Blitz August 1 Late 2023"]
[White "Chor, Kevin"]
[Black "Bach, Matthias"]
[WhiteFideId "2090740"]
[BlackFideId "4603168"]
[WhiteElo "2514"]
[BlackElo "2367"]
[Result "1-0"]
[Round "4"]
[TimeControl "180+1"]
[Date "2023.08.01"]
[WhiteClock "0:00:06"]
[BlackClock "0:00:03"]
[Board "109"]

1. e4 e5 2. Nf3 Nc6 3. Bb5 Bc5 4. c3 f5 5. d3 fxe4 6. dxe4 Nf6 7. Qe2 d6 8. a4 a6 9. Bxc6+ bxc6 10. Qc4 Qe7 11. O-O Be6 12. Qd3 O-O 13. Bg5 Qf7 14. Nbd2 Nh5 15. Be3 Nf4 16. Qc2 Qg6 17. g3 Ne2+ 18. Kh1 Bg4 19. Nh4 Qh5 20. Bxc5 dxc5 21. f3 Be6 22. Rf2 Nf4 23. Nf5 Nh3 24. Re2 g6 25. Ne7+ Kf7 26. Nxc6 Kg7 27. Rf1 Ng5 28. Nxe5 Bh3 29. Rff2 Rae8 30. f4 Ne6 31. Ndf3 Rxf4 32. gxf4 Nxf4 33. Re1 Rxe5 34. Nxe5 Qxe5 35. Qd2 g5 36. Qe3 h5 37. Rxf4 gxf4 38. Qxh3 1-0


[Site "https://www.chess.com"]

[Event "Titled Tuesday Blitz August 1 Late 2023"]
[White "Elissalt Cardenas, Hector"]
[Black "Sreyas Payyappat"]
[WhiteFideId "3500632"]
[BlackFideId "46674969"]
[WhiteElo "2366"]
[BlackElo "2513"]
[Result "0-1"]
[Round "4"]
[TimeControl "180+1"]
[Date "2023.08.01"]
[WhiteClock "0:00:09"]
[BlackClock "0:00:27"]
[Board "110"]

1. d4 Nf6 2. c4 c5 3. d5 e6 4. Nc3 exd5 5. cxd5 d6 6. Bf4 g6 7. Qd3 Bg7 8. Qe3+ Kf8 9. Bh6 Bf5 10. h4 b5 11. Rd1 b4 12. Nb1 Bxb1 13. Rxb1 Nxd5 14. Bxg7+ Kxg7 15. Qf3 Nb6 16. h5 N8d7 17. Rd1 Ne5 18. h6+ Kf8 19. Qf4 Qe7 20. Nf3 Nec4 21. b3 Na3 22. Rd2 c4 23. Qd4 Rg8 24. bxc4 Nbxc4 25. Ng5 Qxg5 26. e3 Nxd2 27. Kxd2 Qc5 28. Bd3 Qxd4 29. exd4 Rc8 30. Re1 Nc4+ 0-1


[Site "https://www.chess.com"]

[Event "Titled Tuesday Blitz August 1 Late 2023"]
[White "feuervogel1000000"]
[Black "Mushini Ajay"]
[BlackFideId "35066188"]
[WhiteElo "2498"]
[BlackElo "2361"]
[Result "1-0"]
[Round "4"]
[TimeControl "180+1"]
[Date "2023.08.01"]
[WhiteClock "0:02:29"]
[BlackClock "0:00:59"]
[Board "111"]

1. d4 c5 2. d5 d6 3. c4 b5 4. cxb5 a6 5. bxa6 Bxa6 6. Nc3 Nd7 7. e4 Bxf1 8. Kxf1 g6 9. Nf3 Bg7 10. g3 Ngf6 11. Kg2 O-O 12. Qe2 Qb6 13. a4 Rfb8 14. Bd2 Qxb2 15. Rhb1 Qc2 16. Ne1 Rxb1 17. Nxc2 Rxa1 18. Nxa1 Ne5 19. f4 Ned7 20. e5 Ne8 21. e6 Nf8 22. exf7+ Kxf7 23. Nb3 Nc7 24. Ne4 Rxa4 25. Ng5+ Ke8 26. Ba5 Ra3 27. Qc4 Kd7 28. Bxc7 Kxc7 29. Nxc5 Rc3 30. Nce6+ Kb6 31. Qb4+ Ka6 32. Nxg7 1-0


[Site "https://www.chess.com"]

[Event "Titled Tuesday Blitz August 1 Late 2023"]
[White "Jovic, Stanoje"]
[Black "Slavin, Alexey"]
[WhiteFideId "905020"]
[BlackFideId "24104388"]
[WhiteElo "2497"]
[BlackElo "2357"]
[Result "1-0"]
[Round "4"]
[TimeControl "180+1"]
[Date "2023.08.01"]
[WhiteClock "0:01:12"]
[BlackClock "0:00:18"]
[Board "112"]

1. c4 Nc6 2. g3 Nf6 3. Bg2 e5 4. Nf3 Bc5 5. O-O O-O 6. Nxe5 Nxe5 7. d4 Bd6 8. c5 Be7 9. dxe5 Ng4 10. Qd4 d6 11. cxd6 cxd6 12. exd6 Bxd6 13. Rd1 Be7 14. Qxd8 Rxd8 15. Rxd8+ Bxd8 16. Nc3 Bb6 17. e3 Ba5 18. Nd5 Kf8 19. b4 Bd8 20. Bb2 Be6 21. Rc1 f6 22. h3 Nh6 23. Nc7 Bxc7 24. Rxc7 Bxa2 25. Rxb7 a5 26. b5 Rd8 27. b6 a4 28. Rc7 Rd2 29. Ba3+ Ke8 30. b7 1-0


[Site "https://www.chess.com"]

[Event "Titled Tuesday Blitz August 1 Late 2023"]
[White "Peatman, Carter"]
[Black "Michalczak, Thomas"]
[WhiteFideId "2096480"]
[BlackFideId "4622634"]
[WhiteElo "2349"]
[BlackElo "2495"]
[Result "0-1"]
[Round "4"]
[TimeControl "180+1"]
[Date "2023.08.01"]
[WhiteClock "0:00:01"]
[BlackClock "0:00:13"]
[Board "113"]

1. d4 Nf6 2. Bf4 d5 3. e3 c5 4. dxc5 Qa5+ 5. Nc3 Qxc5 6. Nb5 Na6 7. Be5 e6 8. c3 b6 9. Qa4 Nd7 10. Nf3 f6 11. Bg3 Kf7 12. Rd1 g5 13. Nfd4 Ne5 14. b4 Qe7 15. Be2 Nc7 16. Bh5+ Kg7 17. O-O Bd7 18. Be2 a6 19. Nxc7 Bxa4 20. Ncxe6+ Kf7 21. Bh5+ Ng6 22. Rc1 Rc8 23. Bg4 Bd7 24. f4 h5 25. Bf5 g4 26. Rfe1 h4 27. Bf2 g3 28. hxg3 h3 29. gxh3 Rh5 30. Kg2 Rxf5 31. Nxf5 Bxe6 32. Nd4 Bd7 33. e4 dxe4 34. f5 Ne5 35. Rxe4 Bc6 36. Nxc6 Rxc6 37. Rce1 Qb7 38. Bd4 Rc4 39. Kf2 Bxb4 40. R1e3 Bxc3 41. Bxc3 Rxe4 42. Rxe4 Qxe4 0-1


[Site "https://www.chess.com"]

[Event "Titled Tuesday Blitz August 1 Late 2023"]
[White "Topalov, Aleksandar"]
[Black "Koutlas, Nikolaos"]
[WhiteFideId "925659"]
[BlackFideId "25827138"]
[WhiteElo "2348"]
[BlackElo "2493"]
[Result "0-1"]
[Round "4"]
[TimeControl "180+1"]
[Date "2023.08.01"]
[WhiteClock "0:00:00"]
[BlackClock "0:00:03"]
[Board "114"]

1. b3 a5 2. a3 e5 3. Bb2 Nc6 4. c4 Nf6 5. e3 d5 6. cxd5 Nxd5 7. Qc2 Be7 8. Nf3 f6 9. d3 O-O 10. Nbd2 Kh8 11. Be2 Be6 12. O-O Qd7 13. Rfd1 Bf5 14. Ne4 b6 15. Rac1 Nd8 16. Ng3 Bg6 17. Nh4 Bf7 18. d4 exd4 19. Rxd4 Bc5 20. Rdd1 Qe8 21. Bf3 c6 22. Ne4 Be7 23. Nf5 Bg6 24. Neg3 Bc5 25. h4 h6 26. h5 Bh7 27. Bxd5 cxd5 28. Rxd5 Ne6 29. Rcd1 Rc8 30. Qd3 Ng5 31. Rd7 Nf7 32. Qb5 Rd8 33. Qc6 Rxd7 34. Qxd7 Qxd7 35. Rxd7 Bg8 36. Nh4 Rd8 37. Ng6+ Kh7 38. Rxd8 Nxd8 39. Nf5 Bxb3 40. Nfe7 Bc2 41. g4 Ne6 42. Kg2 b5 43. f4 b4 44. axb4 Bxb4 45. Kf3 a4 46. Ba1 a3 47. Nd5 Bc5 48. Nc3 Bb3 49. Ne4 Bd5 50. Nh4 Bb4 51. Nf5 Bxe4+ 52. Kxe4 Nc5+ 0-1


[Site "https://www.chess.com"]

[Event "Titled Tuesday Blitz August 1 Late 2023"]
[White "MFatigue"]
[Black "Hacker, Jonas"]
[BlackFideId "1270968"]
[WhiteElo "2491"]
[BlackElo "2348"]
[Result "1-0"]
[Round "4"]
[TimeControl "180+1"]
[Date "2023.08.01"]
[WhiteClock "0:00:31"]
[BlackClock "0:00:00"]
[Board "115"]

1. e4 e5 2. Nf3 Nc6 3. d4 exd4 4. Bc4 Nf6 5. O-O Nxe4 6. Re1 d5 7. Bxd5 Qxd5 8. Nc3 Qd7 9. Nxe4 Be7 10. Bg5 O-O 11. Bxe7 Qxe7 12. Nxd4 Bd7 13. Nc3 Qd8 14. Nb3 Bf5 15. Nd5 Be6 16. Ne3 Qxd1 17. Raxd1 Rad8 18. Nc5 Bc8 19. c3 b6 20. Nd3 Ba6 21. Nf4 g6 22. Nfd5 Rc8 23. b4 Kg7 24. a4 Bb7 25. Nc4 Rfd8 26. Nce3 Ne5 27. f4 Nc4 28. Kf2 Nxe3 29. Nxe3 c5 30. b5 h6 31. g3 a6 32. Nc4 axb5 33. axb5 Rxd1 34. Rxd1 Be4 35. Nd6 Rd8 36. Nf5+ 1-0


[Site "https://www.chess.com"]

[Event "Titled Tuesday Blitz August 1 Late 2023"]
[White "Sivakumar, Shaaketh"]
[Black "Kostiukov, Alexandr"]
[WhiteFideId "30940176"]
[BlackFideId "14108100"]
[WhiteElo "2487"]
[BlackElo "2348"]
[Result "0-1"]
[Round "4"]
[TimeControl "180+1"]
[Date "2023.08.01"]
[WhiteClock "0:01:58"]
[BlackClock "0:00:45"]
[Board "116"]

1. b3 g6 2. Bb2 Nf6 3. e4 c5 4. e5 Nd5 5. e6 f6 6. exd7+ Qxd7 7. Nc3 Nc6 8. g3 e5 9. Bg2 Nc7 10. Nge2 Bg7 11. O-O O-O 12. f4 Rb8 13. Kh1 b6 14. fxe5 Nxe5 15. Ne4 Bb7 16. Bxe5 fxe5 17. d3 Rxf1+ 18. Qxf1 Rf8 19. Qe1 Nd5 20. N2c3 Nxc3 21. Qxc3 Qd4 22. Qc4+ Kh8 23. Re1 h5 24. Re2 Qa1+ 25. Re1 Qxe1+ 26. Bf1 Qxf1# 0-1


[Site "https://www.chess.com"]

[Event "Titled Tuesday Blitz August 1 Late 2023"]
[White "Willy, Stephen"]
[Black "SalihEke"]
[WhiteFideId "30981468"]
[WhiteElo "2482"]
[BlackElo "2347"]
[Result "1-0"]
[Round "4"]
[TimeControl "180+1"]
[Date "2023.08.01"]
[WhiteClock "0:00:39"]
[BlackClock "0:00:00"]
[Board "117"]

1. e4 e5 2. d4 exd4 3. Qxd4 Nc6 4. Qe3 Nf6 5. Bd2 g6 6. Nc3 Bg7 7. O-O-O O-O 8. f3 d6 9. g4 a6 10. h4 b5 11. h5 b4 12. Nd5 Nxd5 13. exd5 Qf6 14. c3 Ne5 15. g5 Qf5 16. Bh3 Nd3+ 17. Kb1 Qxd5 18. Bc1 bxc3 19. Qxd3 Qa5 20. hxg6 hxg6 21. b3 Rb8 22. Qc2 Rb5 23. Ne2 Bb7 24. Rd3 Rb8 25. Nxc3 Rc5 26. Bb2 d5 27. Qd2 d4 28. Ne4 Bxe4 29. fxe4 Qb5 30. Rxd4 Re8 31. Bd7 Rf8 32. Bxb5 1-0


[Site "https://www.chess.com"]

[Event "Titled Tuesday Blitz August 1 Late 2023"]
[White "Kujawski, Adam"]
[Black "Delorme, Axel"]
[WhiteFideId "1100920"]
[BlackFideId "632023"]
[WhiteElo "2347"]
[BlackElo "2479"]
[Result "1-0"]
[Round "4"]
[TimeControl "180+1"]
[Date "2023.08.01"]
[WhiteClock "0:00:39"]
[BlackClock "0:00:22"]
[Board "118"]

1. e4 c5 2. Nf3 d6 3. d4 cxd4 4. Nxd4 Nf6 5. Nc3 a6 6. Bg5 Nbd7 7. Bc4 Qb6 8. Qd2 e6 9. O-O Be7 10. Bxe6 fxe6 11. Nxe6 Kf7 12. Nf4 Re8 13. Nfd5 Qd8 14. f4 Kg8 15. Nxe7+ Qxe7 16. Nd5 Qd8 17. e5 dxe5 18. fxe5 Nxe5 19. Bxf6 gxf6 20. Nxf6+ Kh8 21. Nxe8 Qxe8 22. Rae1 1-0


[Site "https://www.chess.com"]

[Event "Titled Tuesday Blitz August 1 Late 2023"]
[White "Peycheva, Gergana"]
[Black "Harshal, Shahi"]
[WhiteFideId "2916711"]
[BlackFideId "5048257"]
[WhiteElo "2479"]
[BlackElo "2343"]
[Result "1-0"]
[Round "4"]
[TimeControl "180+1"]
[Date "2023.08.01"]
[WhiteClock "0:00:26"]
[BlackClock "0:00:00"]
[Board "119"]

1. d4 Nf6 2. c4 e6 3. Nc3 d5 4. cxd5 exd5 5. Bg5 Be7 6. e3 O-O 7. Bd3 c6 8. Nge2 Nbd7 9. O-O Re8 10. f3 Nf8 11. Bh4 Ne6 12. Kh1 g6 13. Bf2 Ng7 14. e4 dxe4 15. fxe4 Ng4 16. Bg1 Bg5 17. Nf4 Ne6 18. Nxe6 Bxe6 19. Qf3 h5 20. h3 Kg7 21. d5 Ne5 22. Bd4 Bf6 23. Bxe5 Bxe5 24. dxe6 fxe6 25. Qf7+ Kh6 26. Rad1 Qg5 27. Bc4 1-0


[Site "https://www.chess.com"]

[Event "Titled Tuesday Blitz August 1 Late 2023"]
[White "Ahn, Hongjin"]
[Black "Grossboss19"]
[WhiteFideId "13201492"]
[WhiteElo "2331"]
[BlackElo "2476"]
[Result "0-1"]
[Round "4"]
[TimeControl "180+1"]
[Date "2023.08.01"]
[WhiteClock "0:00:17"]
[BlackClock "0:00:15"]
[Board "120"]

1. e4 e6 2. d4 d5 3. exd5 exd5 4. Nf3 Bd6 5. c4 dxc4 6. Bxc4 Nf6 7. O-O O-O 8. Nc3 c6 9. Bg5 h6 10. Bh4 Bf5 11. d5 c5 12. Re1 a6 13. a4 Nbd7 14. Qb3 Qc7 15. h3 g5 16. Nxg5 hxg5 17. Bxg5 Nh7 18. Bd2 Ne5 19. Be2 c4 20. Qd1 Rae8 21. Bh6 Nd3 22. Bxf8 Bh2+ 23. Kf1 Nxe1 24. d6 Qc6 25. Qxe1 Nxf8 26. Rd1 Bd3 27. Qd2 Qxd6 28. Bxd3 cxd3 29. g3 Qc6 30. Qg5+ Ng6 31. Qd5 Qf6 32. Kg2 Rd8 33. Ne4 Qe7 34. Qf5 d2 35. Kxh2 Rd4 36. f3 Qd8 37. Ng5 Qe7 38. Qc8+ Kg7 39. Qf5 Qf6 40. Qxf6+ Kxf6 41. Ne4+ Ke6 42. Rxd2 Rb4 43. Rd6+ Ke5 44. Rd2 f5 45. Ng5 Kf6 46. Nf7 Kxf7 47. Rd7+ Ke6 48. Rd2 Ne5 49. Kg2 Nc4 50. Rc2 Ne3+ 51. Kf2 Nxc2 52. Ke2 Rxb2 53. Kd3 Rb3+ 54. Kxc2 Rxf3 55. h4 Rxg3 56. h5 Rh3 57. h6 Rxh6 58. a5 Rh4 59. Kc3 Ra4 60. Kd3 Rxa5 61. Ke3 Rb5 62. Kf3 a5 63. Kf2 a4 64. Ke2 a3 65. Kd2 a2 66. Kc2 a1=Q 67. Kd3 Qa3+ 68. Kc4 Qa4+ 69. Kd3 Rb3+ 70. Kc2 Qa2+ 71. Kd1 Rb1# 0-1


[Site "https://www.chess.com"]

[Event "Titled Tuesday Blitz August 1 Late 2023"]
[White "Garcia-Castany Musellas, Gal.la"]
[Black "Toncheva, Nadya"]
[WhiteFideId "2241803"]
[BlackFideId "2924056"]
[WhiteElo "2330"]
[BlackElo "2475"]
[Result "1-0"]
[Round "4"]
[TimeControl "180+1"]
[Date "2023.08.01"]
[WhiteClock "0:00:08"]
[BlackClock "0:00:02"]
[Board "121"]

1. e4 c5 2. Nf3 Nc6 3. Bb5 e6 4. O-O Nge7 5. Re1 a6 6. Bf1 d5 7. exd5 Nxd5 8. d4 Nf6 9. Be3 cxd4 10. Nxd4 Bd7 11. c4 Bb4 12. Nc3 O-O 13. Qb3 Qa5 14. Red1 Rfd8 15. Nxc6 Bxc6 16. a3 Bc5 17. Bxc5 Qxc5 18. Qc2 h6 19. b4 Qh5 20. b5 axb5 21. cxb5 Bd5 22. Nxd5 Nxd5 23. Qb3 Qg5 24. a4 Rac8 25. Rd3 Nf4 26. Rg3 Ne2+ 27. Bxe2 Rc1+ 28. Rxc1 Qxc1+ 29. Bf1 Rd1 30. Qd3 Rxd3 31. Rxd3 Qa1 32. Rd8+ Kh7 33. Rd7 f5 34. Rxb7 Qxa4 35. b6 Qb4 36. Rb8 Qb1 37. b7 e5 38. g3 e4 39. Kg2 Qb3 40. Ba6 Qf3+ 41. Kg1 Qd1+ 42. Kg2 e3 43. Rh8+ Kg6 44. b8=Q Qd5+ 45. Kg1 Qd1+ 46. Kg2 Qd5+ 47. Kh3 Kg5 48. Qd8+ Qxd8 49. Rxd8 exf2 50. Kg2 f1=Q+ 51. Kxf1 g6 52. h4+ Kg4 53. Kg2 f4 54. Be2+ 1-0


[Site "https://www.chess.com"]

[Event "Titled Tuesday Blitz August 1 Late 2023"]
[White "Villarreal, Agustin"]
[Black "Liu, Casper"]
[WhiteFideId "125687"]
[BlackFideId "1454153"]
[WhiteElo "2325"]
[BlackElo "2473"]
[Result "1-0"]
[Round "4"]
[TimeControl "180+1"]
[Date "2023.08.01"]
[WhiteClock "0:01:37"]
[BlackClock "0:01:39"]
[Board "123"]

1. d4 Nf6 2. Nf3 g6 3. c4 Bg7 4. Nc3 O-O 5. Bf4 d6 6. h3 c6 7. e3 Qa5 8. Qd2 a6 9. Be2 b5 10. O-O b4 11. Nb1 Ne4 12. Qc1 Bf5 13. Nbd2 Nd7 14. Nxe4 Bxe4 15. Nd2 Bf5 16. e4 Be6 17. d5 cxd5 18. cxd5 Rac8 19. Nc4 Qb5 20. dxe6 Nb6 21. Nxb6 Rxc1 22. Bxb5 Rxa1 23. Rxa1 axb5 24. Nd5 fxe6 25. Nxe7+ Kf7 26. Bxd6 Rd8 27. Bxb4 Bxb2 28. Rb1 Bf6 29. Nc6 Rc8 30. Rc1 Ke8 31. Rc5 Kd7 32. Ne5+ Bxe5 33. Rxe5 Rc4 34. Rxb5 Rxe4 35. a4 Re2 36. a5 Ra2 37. Rb7+ Kc6 38. Rb6+ Kd5 39. a6 e5 40. Bd6 e4 41. Bb8 1-0


[Site "https://www.chess.com"]

[Event "Titled Tuesday Blitz August 1 Late 2023"]
[White "Tifferet, Shaked"]
[Black "Cooper, Aaron"]
[WhiteFideId "2811529"]
[BlackFideId "2634945"]
[WhiteElo "2473"]
[BlackElo "2324"]
[Result "1-0"]
[Round "4"]
[TimeControl "180+1"]
[Date "2023.08.01"]
[WhiteClock "0:00:17"]
[BlackClock "0:00:00"]
[Board "124"]

1. d4 Nf6 2. Nc3 d5 3. Bf4 a6 4. e3 c5 5. Nf3 Nc6 6. dxc5 Bg4 7. Be2 Qa5 8. O-O Qxc5 9. a3 e6 10. h3 Bh5 11. Nd4 Bxe2 12. Qxe2 Be7 13. Nb3 Qb6 14. e4 dxe4 15. Nxe4 Nxe4 16. Qxe4 O-O 17. Rad1 Rfd8 18. Qe3 Qxe3 19. Bxe3 Bf6 20. c3 Ne5 21. Na5 b5 22. Rxd8+ Bxd8 23. Nb3 Nc4 24. Bc1 Bb6 25. Rd1 Kf8 26. Kf1 Ke8 27. Ke2 a5 28. Nd2 Ne5 29. Ne4 Bc7 30. Nd6+ Bxd6 31. Rxd6 Rb8 32. b3 a4 33. Bf4 f6 34. Bxe5 fxe5 35. bxa4 bxa4 36. Rxe6+ Kf7 37. Rxe5 Rb3 38. Kd3 Rxa3 39. Re2 Rb3 40. Ra2 a3 41. Kc2 Rb6 42. Rxa3 Re6 43. Kd2 Rd6+ 44. Ke2 Ke6 45. Ra4 Rc6 46. Re4+ Kd5 47. Re3 Kc4 48. Kf3 Rf6+ 49. Kg3 g5 50. f3 h5 51. h4 gxh4+ 52. Kxh4 Rg6 53. g3 Rg7 54. f4 1-0


[Site "https://www.chess.com"]

[Event "Titled Tuesday Blitz August 1 Late 2023"]
[White "Crispin Ferreras, Darvi Abraham"]
[Black "Garcia de Dios, Jose Antonio"]
[WhiteFideId "6402771"]
[BlackFideId "5128919"]
[WhiteElo "2320"]
[BlackElo "2470"]
[Result "1-0"]
[Round "4"]
[TimeControl "180+1"]
[Date "2023.08.01"]
[WhiteClock "0:02:17"]
[BlackClock "0:01:06"]
[Board "125"]

1. e4 c5 2. Nf3 d6 3. c3 Nf6 4. Be2 Nc6 5. d4 cxd4 6. cxd4 Nxe4 7. d5 Qa5+ 8. Nc3 Nxc3 9. bxc3 Ne5 10. O-O Nxf3+ 11. Bxf3 e5 12. dxe6 fxe6 13. Bf4 e5 14. Bg3 Be7 15. Bd5 g6 16. f4 Bg4 17. Qxg4 Qxd5 18. fxe5 dxe5 19. Rae1 Bc5+ 20. Kh1 Bd6 21. Rd1 Qc6 22. Qe6+ Be7 23. Qxe5 Rg8 24. Rfe1 1-0


[Site "https://www.chess.com"]

[Event "Titled Tuesday Blitz August 1 Late 2023"]
[White "Manon-og, Ramon Jr."]
[Black "Senthilkumar, Pranav"]
[WhiteFideId "5200776"]
[BlackFideId "2083477"]
[WhiteElo "2312"]
[BlackElo "2470"]
[Result "1-0"]
[Round "4"]
[TimeControl "180+1"]
[Date "2023.08.01"]
[WhiteClock "0:00:19"]
[BlackClock "0:00:27"]
[Board "126"]

1. e4 c5 2. Nf3 e6 3. g3 d6 4. Bg2 Nf6 5. Nc3 Be7 6. O-O O-O 7. d4 cxd4 8. Nxd4 Nc6 9. Be3 a6 10. Nxc6 bxc6 11. e5 Nd5 12. exd6 Bxd6 13. Bd2 Bb7 14. Qh5 c5 15. Rad1 Nf6 16. Qh4 Bxg2 17. Kxg2 Qc7 18. Bg5 Qc6+ 19. Kg1 Be7 20. Rd2 Rad8 21. Rfd1 Rxd2 22. Rxd2 h6 23. Be3 Nd5 24. Qe4 Bf6 25. Nxd5 exd5 26. Qxd5 Qa4 27. Bxc5 Rd8 28. Bd6 Be7 29. Qe5 Bf6 30. Qe3 Qxa2 31. b3 Qa1+ 32. Kg2 Qc3 33. Qxc3 Bxc3 34. Rd3 Bf6 35. Bc5 Rc8 36. b4 a5 37. c3 a4 38. c4 Ra8 39. b5 Bb2 40. b6 a3 41. Bxa3 Bxa3 42. b7 Rb8 43. Rxa3 Rxb7 44. c5 Rc7 45. Rc3 Kf8 46. Kf3 Ke7 47. Ke4 Ke6 48. f4 Rd7 49. g4 g6 50. f5+ gxf5+ 51. gxf5+ Kf6 52. c6 Rc7 53. h4 Rc8 54. c7 Ke7 55. Ke5 f6+ 56. Kd5 Kd7 57. Rc6 Ke7 58. Re6+ Kd7 59. Rxf6 Kxc7 60. Rc6+ Kd7 61. Rxc8 Kxc8 62. Ke6 Kd8 63. Kf7 Kd7 64. f6 h5 65. Kg7 Ke6 66. f7 1-0


[Site "https://www.chess.com"]

[Event "Titled Tuesday Blitz August 1 Late 2023"]
[White "Lopez Gracia, Fernando"]
[Black "Hamley, Ryan"]
[WhiteFideId "2207184"]
[BlackFideId "30959497"]
[WhiteElo "2310"]
[BlackElo "2466"]
[Result "0-1"]
[Round "4"]
[TimeControl "180+1"]
[Date "2023.08.01"]
[WhiteClock "0:00:14"]
[BlackClock "0:01:00"]
[Board "127"]

1. e4 c5 2. Nf3 d6 3. d4 cxd4 4. Nxd4 Nf6 5. Nc3 g6 6. f3 Bg7 7. Be3 O-O 8. Qd2 Nc6 9. O-O-O d5 10. exd5 Nxd5 11. Nxc6 bxc6 12. Nxd5 cxd5 13. Qxd5 Qc7 14. Qc5 Qb7 15. Bd4 Bf5 16. Bxg7 Rfc8 17. Qxc8+ Rxc8 18. Bc3 Qb6 19. Bd3 Be6 20. a3 f6 21. Rhe1 Kf7 22. Re2 Rc7 23. Rde1 Bd5 24. f4 e6 25. g3 h5 26. Be4 Qc6 27. Bxd5 exd5 28. Bd4 a5 29. c3 a4 30. h3 Rb7 31. g4 hxg4 32. hxg4 Qb5 33. g5 f5 34. Rh2 Kg8 35. Rh8+ Kf7 36. Rh7+ Kg8 37. Rh8+ Kf7 38. Reh1 Qxb2+ 39. Kd1 Qb1+ 40. Ke2 Rb2+ 41. Ke3 Qe4# 0-1


[Site "https://www.chess.com"]

[Event "Titled Tuesday Blitz August 1 Late 2023"]
[White "Cupid, Kevin"]
[Black "Gaal, Zsoka"]
[WhiteFideId "7700512"]
[BlackFideId "777765"]
[WhiteElo "2308"]
[BlackElo "2461"]
[Result "0-1"]
[Round "4"]
[TimeControl "180+1"]
[Date "2023.08.01"]
[WhiteClock "0:00:00"]
[BlackClock "0:01:36"]
[Board "128"]

1. d4 Nf6 2. Nf3 c5 3. c3 g6 4. Bg5 Bg7 5. e3 h6 6. Bxf6 Bxf6 7. Nbd2 d5 8. Be2 Qb6 9. b3 O-O 10. O-O Nc6 11. Qc1 Bf5 12. Qa3 cxd4 13. Nxd4 Bd7 14. Rac1 e5 15. Nxc6 bxc6 16. e4 Be6 17. exd5 cxd5 18. c4 Bg5 19. Rcd1 Rad8 20. cxd5 Bxd5 21. Nc4 Qb7 22. f3 e4 23. f4 Be7 24. Qa5 Bb4 25. Qa4 Bc6 0-1


[Site "https://www.chess.com"]

[Event "Titled Tuesday Blitz August 1 Late 2023"]
[White "Ardila, Oscar Humberto"]
[Black "Miszler, Levente"]
[WhiteFideId "4404742"]
[BlackFideId "763276"]
[WhiteElo "2306"]
[BlackElo "2454"]
[Result "1-0"]
[Round "4"]
[TimeControl "180+1"]
[Date "2023.08.01"]
[WhiteClock "0:01:58"]
[BlackClock "0:02:16"]
[Board "129"]

1. d4 Nf6 2. Nf3 c5 3. c3 g6 4. g3 Bg7 5. Bg2 O-O 6. O-O d5 7. e3 Nc6 8. Nbd2 Nd7 9. Re1 e5 10. dxe5 Ndxe5 11. Nxe5 Nxe5 12. Nf3 Be6 13. Nxe5 Bxe5 14. Qb3 Qc7 15. Qa4 a6 16. Qh4 Rad8 17. Bd2 Rfe8 18. Rad1 d4 19. exd4 cxd4 20. cxd4 Bxd4 21. Bg5 Rd7 22. Rxd4 1-0


[Site "https://www.chess.com"]

[Event "Titled Tuesday Blitz August 1 Late 2023"]
[White "Lehtosaari, Mauri"]
[Black "Miguelitro69"]
[WhiteFideId "501999"]
[WhiteElo "2448"]
[BlackElo "2303"]
[Result "1-0"]
[Round "4"]
[TimeControl "180+1"]
[Date "2023.08.01"]
[WhiteClock "0:01:12"]
[BlackClock "0:00:00"]
[Board "130"]

1. d4 d5 2. Nf3 g6 3. Bg5 h6 4. Bf4 Bg7 5. c3 Bf5 6. Qb3 Bc8 7. Nbd2 Nf6 8. Ne5 O-O 9. e3 c6 10. Bd3 Nbd7 11. h3 Nxe5 12. Bxe5 b6 13. O-O Bb7 14. c4 Ne4 15. Bxe4 Bxe5 16. Bf3 Bg7 17. cxd5 cxd5 18. Rac1 e6 19. Nb1 Qd7 20. Be2 Rfc8 21. Nc3 Bc6 22. Ba6 Re8 23. Rc2 e5 24. Rd2 exd4 25. exd4 Rab8 26. Bb5 Bxb5 27. Qxb5 Qxb5 28. Nxb5 Re4 29. Rfd1 a6 30. Nc7 Rd8 31. Nxa6 Bf8 32. a3 Bd6 33. Rc2 Rde8 34. Kf1 Ra8 35. Nc7 Rc8 36. Rdc1 Rxd4 37. Nb5 Rxc2 38. Rxc2 1-0


[Site "https://www.chess.com"]

[Event "Titled Tuesday Blitz August 1 Late 2023"]
[White "Georg, Heinz"]
[Black "D`Arruda, Ricardo D."]
[WhiteFideId "4607295"]
[BlackFideId "100692"]
[WhiteElo "2299"]
[BlackElo "2448"]
[Result "0-1"]
[Round "4"]
[TimeControl "180+1"]
[Date "2023.08.01"]
[WhiteClock "0:00:26"]
[BlackClock "0:01:10"]
[Board "131"]

1. c4 e6 2. Nc3 d5 3. d4 Nf6 4. cxd5 exd5 5. Bg5 Be7 6. e3 O-O 7. Qc2 h6 8. Bh4 c6 9. Bd3 Na6 10. a3 Nc7 11. Nge2 Re8 12. O-O Ne4 13. Bxe7 Qxe7 14. Ng3 f5 15. b4 g6 16. Rab1 Be6 17. f3 Nxg3 18. hxg3 Qg5 19. Kf2 b5 20. Ne2 Bd7 21. Nf4 Qe7 22. Rfe1 g5 23. Nh3 Qf7 24. Qc5 Re7 25. Rh1 Kg7 26. Rbe1 Ne6 27. Qc2 a5 28. Bxf5 axb4 29. axb4 Nxd4 30. Qb2 Qxf5 31. Qxd4+ Qf6 32. Qxf6+ Kxf6 33. Ra1 Ree8 34. Rhc1 Ra4 35. Rxa4 bxa4 36. Ng1 Rb8 37. Rb1 c5 38. Rd1 cxb4 39. Rxd5 Bb5 40. Rd4 Be8 41. Ne2 a3 42. Nc1 b3 43. Rd6+ Ke7 44. Ra6 b2 0-1


[Site "https://www.chess.com"]